 Dungeon Crawl Stone Soup version 0.28-a0-8-g6e044cfa68 (webtiles) character file.

Game seed: 4639370553662699963

4 Zonian the Chiller (level 1, -1/13 HPs)
             Began as a Demonspawn Ice Elementalist on July 24, 2021.
             Slain by a hobgoblin (4 damage)
             ... on level 1 of the Dungeon.
             The game lasted 00:00:52 (1024 turns).

Zonian the Chiller (Demonspawn Ice Elementalist)    Turns: 1024, Time: 00:00:52

Health: -1/13      AC:  2    Str:  8    XL:     1   Next: 50%
Magic:  3/3        EV: 12    Int: 16    God:
Gold:   12         SH:  0    Dex: 13    Spells: 3/4 levels left

rFire   . . .      SeeInvis .   c - +0 dagger
rCold   . . .      Faith    .   (no shield)
rNeg    . . .      Spirit   .   a - +0 robe
rPois   .          Reflect  .   (no helmet)
rElec   .          Harm     .   (no cloak)
rCorr   .          Rampage  .   (no gloves)
Will    .....                   (no boots)
Stlth   ++........              (no amulet)
HPRegen 0.04/turn               (no ring)
MPRegen 0.08/turn               (no ring)

@: no status effects
A: no striking features
a: no special abilities


You were on level 1 of the Dungeon.
You visited 1 branch of the dungeon, and saw 1 of its levels.

You collected 12 gold pieces.

Inventory:

Hand Weapons
 c - a +0 dagger (weapon)
Armour
 a - a +0 robe (worn)
Potions
 b - a potion of heal wounds {unknown}


   Skills:
 + Level 1.7 Dodging
 + Level 1.7 Stealth
 + Level 2.0 Spellcasting
 + Level 3.8 Ice Magic


You had 3 spell levels left.
You knew the following spells:

 Your Spells              Type           Power      Damage    Failure   Level
a - Freeze                Ice            52%        1d7       4%          1

Your spell library contained the following spells:

 Spells                   Type           Power      Damage    Failure   Level
 Frozen Ramparts          Ice            26%        1d4       13%         3
 Ozocubu's Armour         Ice            13%        N/A       13%         3
 Hailstorm                Conj/Ice       7%         3d4       67%         4


Dungeon Overview and Level Annotations

Branches:
Dungeon (1/15)

Altars:


Message History

You start resting.
HP restored.
You start waiting.
Done waiting.
Unknown command.
You see here 21 stones.
There is an open door here.
You open the door.
Found a stone staircase leading down.
Found a whip.
Unknown command.
You now have 12 gold pieces.
Unknown command.
A rat comes into view.
A rat is nearby!
Unknown command.
You can't see any susceptible monsters within range! (Use Z to cast anyway.)
You can't see any susceptible monsters within range! (Use Z to cast anyway.)
You can't see any susceptible monsters within range! (Use Z to cast anyway.) Unknown command.
A goblin and a hobgoblin come into view.
The helpless rat fails to defend itself.
You hit the rat.
You kill the rat!
Unknown command.
You start waiting.
You start waiting.
Done waiting.
Unknown command.
The hobgoblin shouts!
The goblin shouts!
The hobgoblin hits you.
You hit the hobgoblin.
The hobgoblin is moderately wounded.
The hobgoblin hits you.
* * * LOW HITPOINT WARNING * * *
You hit the hobgoblin but do no damage.
The hobgoblin is moderately wounded.
The hobgoblin hits you.
You die...

#.#...§§§≈'.<#≈≈≈.#
#.##.§.§≈≈####≈≈≈..
####......≈≈8≈≈≈≈8≈≈##
#.......§#≈8≈≈≈≈≈≈8≈# #
#.######.#≈≈≈§≈§≈≈≈≈#
####.#.#....#.############
........................####
...##.#>#######.............
.........@gg..............
)...#.######..............
#.#####.# #.............. .
#.# #..#+#####..... #.# #g.#
###### .. #... ...#. ......
...


You could see a hobgoblin and a goblin.

Vanquished Creatures
  A bat (D:1)
  A frilled lizard (D:1)
  2 kobolds (D:1)
  A rat (D:1)
5 creatures vanquished.

Notes
Turn   | Place    | Note
-------+----------+-------------------------------------------
     0 | D:1      | Zonian the Demonspawn Ice Elementalist began the quest for
                  | the Orb.
     0 | D:1      | Reached XP level 1. HP: 13/13 MP: 3/3
  1024 | D:1      | Slain by a hobgoblin

Illustrated notes

Levels and vault maps discovered:
D:1:      lightli_arrival_boilingwater, layout_basic

Action                   || total
-------------------------++-------
Melee: Unarmed           ||    22
       Dagger            ||    13
 Cast: Freeze            ||     6
 Stab: Sleeping          ||     1
Armor: Robe              ||     8
Dodge: Dodged            ||    32

Table legend: (Time is in decaauts)
 A = Elapsed time spent in this place.
 B = Non-inter-level travel time spent in this place.
 C = Inter-level travel time spent in this place.
 D = Time resting spent in this place.
 E = Time spent auto-exploring this place.
 F = Levels seen in this place.
 G = Mean time per level.
                   A        B        C        D        E       F      G
               +--------+--------+--------+--------+--------+-----+--------+
         Total |   1027 |   1027 |      0 |    776 |    141 |   1 | 1027.0 |
       Dungeon |   1027 |   1027 |      0 |    776 |    141 |   1 | 1027.0 |
               +--------+--------+--------+--------+--------+-----+--------+

Top non-repeatable levels by time:
     D:1: 1027 daAuts
